 Dungeon Crawl Stone Soup version 0.29-a0-317-gd16b76e6b1 (webtiles) character file.

Game seed: 14675126487481936700

16 Leszczynek the Chopper (level 2, 0/20 HPs)
             Began as a Human Gladiator on Mar 31, 2022.
             Was a Follower of Hepliaklqana.
             Killed by nerve-wracking pain
             ... invoked by an orc priest
              (10 damage)
             ... on level 3 of the Dungeon.
             The game lasted 00:02:32 (200 turns).

Leszczynek the Chopper (Human Gladiator)             Turns: 200, Time: 00:02:34

Health: 0/20       AC:  6    Str: 14    XL:     2   Next: 75%
Magic:  2/2        EV: 11    Int:  8    God:    Hepliaklqana [*.....]
Gold:   53         SH:  0    Dex: 14    Spells: 1/1 levels left

rFire   . . .      SeeInvis .   a - +0 war axe
rCold   . . .      Faith    .   (no shield)
rNeg    . . .      Spirit   .   g - +0 ring mail
rPois   .          Reflect  .   c - +0 helmet
rElec   .          Harm     .   (no cloak)
rCorr   .          Rampage  .   (no gloves)
Will    .....                   (no boots)
Stlth   +.........              (no amulet)
HPRegen 0.06/turn               (no ring)
MPRegen 0.08/turn               (no ring)

@: no status effects
A: reduced essence
a: Renounce Religion, Recall Ancestor, Ancestor Identity


You were on level 3 of the Dungeon.
You worshipped Hepliaklqana.
Hepliaklqana was aware of your devotion.
You visited 1 branch of the dungeon, and saw 3 of its levels.

You collected 53 gold pieces.

Inventory:

Hand Weapons
 a - a +0 war axe (weapon)
Missiles
 e - a javelin (quivered)
 h - 4 boomerangs of dispersal
Armour
 b - a +0 leather armour
 c - a +0 helmet (worn)
 g - a +0 ring mail (worn)
Scrolls
 i - a scroll of amnesia {unknown}


   Skills:
 + Level 2.4 Fighting
 * Level 3.3 Axes
 - Level 2.1 Throwing
 - Level 3.0 Dodging


You had one spell level left.
You didn't know any spells.
Your spell library was empty.

Dungeon Overview and Level Annotations

Branches:
Dungeon (3/15)

Altars:
Hepliaklqana


Message History

Found a stone staircase leading down.
You swap places.
There is a stone staircase leading down here.
You climb downwards.
The orc shouts! x2; The orc priest shouts!
The orc shouts!
There is a stone staircase leading up here.
Unknown command.
Okay, then.
Throw: 3 throwing nets
Press: ? - help, Q - select action, (/) - cycle Shift-Dir - straight line, f - orc priest
Aim: an orc priest, wielding a +0 club (60% to hit)
You throw a throwing net.
The throwing net barely misses the orc priest.
Tertia closely misses the orc.
Throw: 2 throwing nets
Press: ? - help, Q - select action, (/) - cycle Shift-Dir - straight line, f/p - orc priest
Aim: an orc priest, wielding a +0 club (ally target, 60% to hit)
You throw a throwing net.
The throwing net completely misses the orc priest.
The orc priest mumbles some strange prayers to Beogh against you.
Pain shoots through your body! The orc hits you with a +0 mace.
* * * LOW HITPOINT WARNING * * *
The orc hits you with a +0 short sword.
* * * LOW HITPOINT WARNING * * *
Unknown command.
It was a potion of curing.
You feel better.
The orc priest hits you but does no damage.
The orc hits you but does no damage.
The orc throws a boomerang.
The boomerang misses you.
Tertia hits the orc priest but does no damage.
Unknown command.
Throw: throwing net
Press: ? - help, Q - select action, (/) - cycle Shift-Dir - straight line, f/p - orc priest
Aim: an orc priest, wielding a +0 club (ally target, 60% to hit)
You throw a throwing net.
The throwing net closely misses the orc priest.
The orc priest mumbles some strange prayers to Beogh against you.
Pain shoots through your body!
Ouch! That really hurt!
You die...

#.# ... ...
#.# #.# #.#
# #.##o#.#
#..R@oo#
####oo.....#
#.#####.#
... ...
#...# ##.##
#(.


You could see the friendly Tertia the ancestor, an orc priest (ally target) and
4 orcs.

Vanquished Creatures
  A worm (D:2)
  A dart slug (D:1)
  5 ball pythons (D:2)
  A bat (D:1)
  A kobold (D:1)
9 creatures vanquished.

Vanquished Creatures (collateral kills)
  2 ball pythons (D:1)
2 creatures vanquished.

Grand Total: 11 creatures vanquished

Notes
Turn   | Place    | Note
-------+----------+-------------------------------------------
     0 | D:1      | Leszczynek the Human Gladiator began the quest for the Orb.
     0 | D:1      | Reached XP level 1. HP: 16/16 MP: 1/1
    43 | D:2      | Found a faded altar of an unknown god.
    51 | D:2      | Reached XP level 2. HP: 11/22 MP: 2/2
    60 | D:2      | Prayed at the altar of an unknown god.
    60 | D:2      | Became a worshipper of Hepliaklqana the Forgotten
    60 | D:2      | Reached * piety under Hepliaklqana
   198 | D:3      | HP: 3/20 [orc/+0 mace (3)]
   200 | D:3      | Ouch! That really hurt!
   200 | D:3      | Killed from afar by an orc priest

Illustrated notes

Levels and vault maps discovered:
D:1:      dpeg_arrival_simpleton_c, layout_rooms, minmay_tromino_v2
D:2:      layout_basic, nicolae_ecumenical_snake_handling, serial_bayou_pond_a,
          uniq_robin
D:3:      minmay_inner_zag, layout_loops_cross, st_stairs_14, uniq_jessica

Action                   || total
-------------------------++-------
Melee: War axe           ||    23
Throw: Throwing net      ||     3
Invok: Ancestor Identity ||     1
  Use: Potion            ||     1
Armor: Leather armour    ||     6
       Ring mail         ||     6
Dodge: Dodged            ||    22

Table legend: (Time is in decaauts)
 A = Elapsed time spent in this place.
 B = Non-inter-level travel time spent in this place.
 C = Inter-level travel time spent in this place.
 D = Time resting spent in this place.
 E = Time spent auto-exploring this place.
 F = Levels seen in this place.
 G = Mean time per level.
                   A        B        C        D        E       F      G
               +--------+--------+--------+--------+--------+-----+--------+
         Total |    208 |    208 |      0 |      0 |      0 |   3 |   69.3 |
       Dungeon |    208 |    208 |      0 |      0 |      0 |   3 |   69.3 |
               +--------+--------+--------+--------+--------+-----+--------+

Top non-repeatable levels by time:
     D:2: 113 daAuts
     D:1: 91 daAuts
     D:3: 3 daAuts
